Map: 이터널 엠파이어 - 래더

Players

Clem

  • Race: Terran Terran
  • Spawn Location: 7:00

soO - Winner!

  • Race: Zerg Zerg
  • Spawn Location: 1:00

VOD

Have the link to the VOD?

Description

Time

  • Played on: Jan. 6, 2020, 9:23 p.m.
  • Length: 25:31
Show
View Real Time Build Order
Export as new Build Order

Clem Terran 

Build Orders: Reaper Expand, Hellion Banshee, Mech 

Get SALT Encoding   

  12  0:00  SCV  
  13  0:13  SCV  
  14  0:17  Supply Depot  
  14  0:25  SCV  
  15  0:38  SCV  
  15  0:39  Barracks  
  16  0:44  Refinery  
  16  0:51  SCV  
  17  1:03  SCV  
  18  1:15  SCV  
  19  1:27  Orbital Command, Reaper  
  20  1:41  Command Center  
  20  1:49  Supply Depot  
  20  1:53  SCV  
  21  1:59  Marine  
  22  2:05  SCV  
  23  2:09  Factory  
  23  2:17  Refinery  
  23  2:19  SCV  
  23  2:22  Barracks Reactor  
  24  2:31  SCV  
  25  2:40  Bunker  
  25  2:43  SCV  
  26  2:53  Orbital Command  
  26  2:55  Starport  
  26  2:58  SCV  
  27  3:04  Hellion  
  29  3:06  Hellion  
  29  3:07  Marine  
  29  3:11  SCV  
  33  3:20  SCV  
  33  3:21  Supply Depot  
  33  3:25  Marine  
  37  3:27  Hellion x2  
  39  3:34  Armory  
  39  3:39  SCV  
  39  3:40  SCV  
  41  3:53  Supply Depot, Hellion x2  
  41  3:54  SCV x2  
  47  3:56  Medivac  
  47  4:01  Barracks Tech Lab  
  49  4:06  SCV  
  49  4:09  SCV  
  51  4:16  Hellion x2  
  55  4:18  SCV  
  55  4:21  SCV  
  57  4:30  Command Center  
  57  4:36  SCV  
  57  4:37  Cloaking Field, Banshee  
  62  4:41  Supply Depot  
  61  4:46  Barracks Tech Lab  
  61  4:47  SCV, Refinery  
  61  4:48  Refinery  
  62  4:58  SCV  
  62  5:01  SCV  
  62  5:02  Hellion  
  62  5:03  Hellion  
  64  5:10  SCV  
  64  5:13  SCV  
  66  5:17  Factory  
  66  5:18  Factory  
  66  5:22  SCV, Banshee  
  66  5:25  SCV  
  64  5:33  Hellion x2  
  64  5:34  SCV  
  64  5:36  Barracks Tech Lab  
  64  5:37  SCV  
  64  5:41  Supply Depot  
  65  5:45  Orbital Command  
  65  5:46  SCV  
  65  5:49  SCV  
  67  5:50  Supply Depot  
  67  5:54  Hellion x2  
  69  5:58  SCV  
  69  6:02  SCV  
  69  6:03  Siege Tank  
  70  6:07  Banshee  
  73  6:15  Siege Tank  
  73  6:16  SCV x3  
  81  6:18  Hellion  
  81  6:19  Hellion  
  83  6:26  Supply Depot  
  83  6:32  Factory  
  83  6:33  Terran Vehicle Weapons Level 1, Orbital Command  
  83  6:34  Factory  
  83  6:38  SCV x2  
  85  6:42  Barracks Reactor  
  85  6:44  Barracks Tech Lab  
  85  6:45  Hellion x2  
  89  6:50  SCV  
  90  6:58  Cyclone x2  
  90  6:59  SCV  
  97  7:03  Refinery  
  97  7:04  SCV x2  
  97  7:05  Supply Depot  
  97  7:06  Refinery  
  99  7:11  SCV  
  100  7:15  Engineering Bay  
  100  7:16  SCV, Supply Depot  
  100  7:22  Factory Reactor, Starport Reactor  
  101  7:24  SCV  
  101  7:26  Armory  
  101  7:29  Supply Depot  
  102  7:30  Supply Depot  
  102  7:31  Command Center  
  102  7:32  Mag-Field Accelerator, Hellion  
  104  7:37  SCV x2  
  104  7:38  SCV  
  104  7:41  Cyclone  
  110  7:44  Cyclone  
  110  7:46  Cyclone  
  110  7:49  SCV x2, Supply Depot  
  118  7:56  Hellion x2  
  118  7:57  SCV  
  123  8:03  Hellion  
  123  8:04  Hellion  
  127  8:06  SCV x2  
  127  8:07  Supply Depot  
  127  8:08  Supply Depot  
  127  8:09  SCV  
  127  8:11  Supply Depot  
  130  8:17  Barracks Tech Lab  
  130  8:18  Factory, Terran Vehicle And Ship Armor Level 1  
  130  8:20  Factory  
  130  8:23  Factory  
  130  8:27  Cyclone  
  130  8:28  Cyclone  
  130  8:33  Missile Turret x2  
  130  8:34  Missile Turret  
  132  8:41  Thor  
  132  8:43  Hellion x2  
  132  8:46  SCV x3  
  145  8:59  Thor  
  145  9:02  SCV, Hellion x9  
  152  9:03  SCV  
  152  9:05  Missile Turret  
  152  9:06  Unknown  
  150  9:12  SCV  
  150  9:13  Planetary Fortress  
  150  9:14  Thor  
  156  9:17  Factory Reactor, Factory Tech Lab  
  156  9:23  Infernal Pre-Igniter  
  156  9:24  Siege Tank  
  156  9:28  SCV x2  
  156  9:29  SCV  
  165  9:31  Siege Tank  
  164  9:40  Hellion x2  
  164  9:41  Hellion x2  
  164  9:43  Terran Vehicle Weapons Level 2, Liberator  
  172  9:45  Hellion  
  172  9:46  Siege Tank  
  172  9:48  SCV x2  
  171  9:56  Hellion x2, Siege Tank  
  176  10:03  SCV x2  
  179  10:11  Command Center  
  183  10:14  Hellion x2  
  183  10:20  Hellion x2  
  173  10:24  Cyclone  
  173  10:27  Cyclone  
  161  10:29  Hellion  
  161  10:30  Hellion x2  
  161  10:32  Hellion x2  
  161  10:33  Siege Tank  
  162  10:38  Hellion  
  162  10:40  Terran Vehicle And Ship Armor Level 2  
  162  10:41  SCV x2  
  158  10:45  Hellion  
  158  10:46  Hellion x2  
  164  10:53  Siege Tank  
  167  10:57  Command Center  
  167  10:59  Siege Tank x3  
  168  11:08  Hellion x2  
  168  11:11  Hellion x2  
  149  11:12  Siege Tank  
  149  11:15  Hellion  
  154  11:24  Hellion  
  154  11:25  Siege Tank  
  151  11:29  Hellion  
  151  11:32  Viking  
  151  11:33  Viking  
  151  11:34  Hellion x2  
  151  11:35  Siege Tank x3  
  162  11:44  Siege Tank  
  162  11:47  SCV x4  
  167  11:49  Refinery  
  167  11:53  Refinery  
  169  11:56  Hellion x3  
  169  11:57  Hellion x2, Siege Tank  
  169  11:59  Hellion  
  184  12:05  Planetary Fortress  
  184  12:07  Siege Tank  
  186  12:08  Supply Depot  
  186  12:16  SCV  
  186  12:21  Viking x2  
  191  12:23  Siege Tank x3  
  191  12:29  Barracks  
  200  12:31  Barracks  
  200  12:33  Orbital Command  
  200  12:40  Terran Vehicle Weapons Level 3, Ghost Academy  
  200  12:42  Barracks Tech Lab  
  200  12:47  Missile Turret  
  200  12:52  Missile Turret  
  200  12:58  Neosteel Armor  
  200  12:59  Command Center x2  
  188  13:14  Siege Tank x2  
  188  13:16  Viking x2  
  196  13:30  Command Center  
  196  13:31  Command Center  
  196  13:46  Viking  
  196  13:47  Siege Tank  
  194  13:49  Hellion, Siege Tank  
  194  13:50  Hellion  
  194  13:53  Hellion, Siege Tank  
  172  13:59  Ghost, Barracks Tech Lab x2  
  172  14:00  Liberator  
  172  14:01  Smart Servos, Liberator  
  172  14:04  Siege Tank x2  
  172  14:05  Hellion  
  176  14:12  Orbital Command  
  176  14:19  Siege Tank  
  176  14:21  Ghost  
  176  14:22  Siege Tank  
  190  14:25  Ghost, Siege Tank  
  190  14:28  Ghost  
  197  14:36  Siege Tank  
  197  14:37  Missile Turret  
  200  14:40  Missile Turret  
  200  14:54  Missile Turret  
  200  14:56  Missile Turret  
  200  15:11  Refinery  
  200  15:15  Command Center  
  200  15:16  Sensor Tower, Command Center  
  200  15:18  Missile Turret, Refinery  
  199  15:22  Terran Ship Weapons Level 1, Terran Vehicle And Ship Armor Level 3  
  199  15:27  Ghost  
  194  15:34  Siege Tank x2  
  194  15:35  Hellion, Ghost  
  170  15:36  Ghost, Siege Tank  
  170  15:37  Hellion x3, Siege Tank x2  
  170  15:41  Hellion  
  174  15:45  SCV  
  174  15:49  Orbital Command  
  171  15:53  SCV  
  171  15:56  Ghost, Hellion  
  176  16:04  Ghost x2  
  176  16:06  Siege Tank x2  
  176  16:08  Siege Tank  
  176  16:09  Siege Tank x2  
  192  16:35  Ghost  
  192  16:38  Siege Tank x2  
  200  16:43  Missile Turret, Planetary Fortress  
  200  16:44  Unknown  
  200  16:52  Siege Tank x2  
  197  16:56  Enhanced Shockwaves  
  197  16:58  Missile Turret, Command Center  
  197  16:59  Missile Turret  
  197  17:03  Sensor Tower  
  197  17:08  Command Center  
  197  17:13  Command Center  
  197  17:16  Ghost  
  199  17:29  Ghost  
  179  17:30  Siege Tank x2  
  179  17:32  Ghost  
  179  17:35  Hellion, Siege Tank  
  178  17:39  Liberator, Hellion, Siege Tank  
  178  17:40  Liberator  
  178  17:44  Siege Tank  
  178  17:45  Hellion  
  178  17:46  Command Center  
  178  17:49  Command Center  
  183  17:53  Hellion  
  191  17:59  Hellion  
  191  18:02  Ghost x2, Siege Tank  
  198  18:27  Barracks  
  198  18:28  Barracks  
  198  18:40  Hellion, Siege Tank x2  
  197  18:41  Missile Turret  
  197  18:42  Refinery  
  197  18:43  Refinery  
  197  18:44  Siege Tank  
  197  18:45  Hellion  
  184  18:50  Ghost x2, Siege Tank x2  
  184  18:51  Ghost, Hellion  
  148  19:04  Hellion  
  138  19:12  Siege Tank  
  138  19:13  Orbital Command  
  141  19:19  Ghost x2  
  145  19:25  Ghost  
  145  19:28  Planetary Fortress  
  147  19:33  Hellion x3  
  153  19:39  Hellion  
  153  19:43  Hellion, Siege Tank  
  148  19:47  Hellion  
  148  19:49  Siege Tank  
  131  20:03  Hellion x2  
  131  20:04  Hellion  
  135  20:11  Hellion, Siege Tank x2  
  143  20:16  SCV  
  144  20:25  Unknown  
  144  20:28  Ghost x2  
  137  20:31  Ghost  
  134  20:35  SCV x2  
  136  20:43  SCV  
  136  20:44  SCV x2  
  136  20:57  Ghost x2  
  136  21:01  Hellion x2  
  136  21:02  Hellion  
  136  21:03  Hellion  
  143  21:05  Siege Tank  
  143  21:06  Hellion, Siege Tank  
  149  21:20  Ghost  
  151  21:28  Ghost  
  151  21:32  Hellion x2  
  157  21:33  Ghost  
  157  21:34  Siege Tank  
  157  21:35  Hellion  
  164  21:40  SCV  
  164  21:47  Command Center  
  165  21:48  Missile Turret  
  165  21:52  Hellion x2  
  173  22:00  SCV x2  
  178  22:12  Unknown  
  178  22:14  Hellion x2  
  182  22:20  Thor x3  
  189  22:27  Unknown  
  183  22:36  Viking x2  
  181  22:38  SCV x2  
  181  22:39  SCV  
  181  22:41  SCV  
  158  23:05  Ghost  
  148  23:18  Hellion x3  
  148  23:19  Hellion  
  151  23:26  Ghost  
  123  23:36  Missile Turret  
  123  23:38  Missile Turret  
  125  23:41  Hellion x2  
  125  23:47  SCV x2, Missile Turret  
  123  23:57  Siege Tank  
  120  24:12  SCV  
  120  24:13  SCV  
  120  24:14  Orbital Command  
  120  24:15  SCV x2  
  124  24:20  Hellion  
  124  24:21  Hellion  
  128  24:28  SCV  
  125  24:36  Siege Tank  
  114  24:40  Hellion x3  
  114  24:42  Planetary Fortress  
  112  24:54  Siege Tank  
  112  24:56  Siege Tank  
  97  25:02  Hellion x2  
  97  25:06  Hellion  
  85  25:11  Refinery  
Show
View Real Time Build Order
Export as new Build Order

soO Zerg - Winner!

Build Orders: Pool First, Muta Ling Bane 

Get SALT Encoding   

  12  0:01  Drone  
  13  0:12  Overlord  
  13  0:17  Drone  
  14  0:31  Drone x2  
  16  0:41  Spawning Pool  
  15  0:44  Drone  
  15  0:49  Drone  
  17  1:09  Hatchery  
  16  1:12  Drone  
  16  1:16  Drone  
  18  1:26  Extractor  
  18  1:28  Zergling x4  
  18  1:32  Queen  
  21  1:39  Overlord  
  21  1:49  Drone  
  22  2:01  Drone  
  23  2:08  Queen  
  25  2:11  Drone  
  26  2:21  Drone  
  27  2:24  Drone  
  27  2:29  Queen  
  30  2:33  Drone  
  30  2:35  Overlord  
  31  2:43  Drone x3  
  36  2:46  Metabolic Boost  
  36  2:47  Drone  
  35  2:58  Hatchery  
  35  3:00  Drone  
  35  3:10  Drone  
  37  3:12  Drone  
  37  3:13  Drone  
  37  3:18  Queen  
  37  3:19  Overlord  
  40  3:20  Drone  
  40  3:22  Drone  
  40  3:24  Drone  
  40  3:27  Drone  
  44  3:34  Overlord  
  44  3:40  Drone x3  
  48  3:41  Drone  
  48  3:44  Overlord  
  48  3:48  Drone x2  
  50  3:50  Drone  
  50  3:52  Drone  
  50  3:54  Queen  
  53  3:58  Drone  
  53  3:59  Drone  
  55  4:09  Zergling x6  
  58  4:10  Overlord  
  58  4:11  Drone  
  58  4:16  Roach Warren  
  58  4:19  Drone  
  58  4:20  Drone  
  60  4:25  Drone  
  60  4:26  Lair  
  60  4:27  Drone x3  
  60  4:28  Extractor  
  60  4:30  Drone  
  60  4:31  Queen  
  64  4:37  Drone x2  
  68  4:39  Overlord  
  68  4:40  Drone  
  68  4:41  Drone  
  68  4:42  Overlord  
  70  4:47  Queen  
  70  4:50  Zergling x8  
  76  4:56  Roach x2  
  79  5:02  Roach  
  79  5:03  Roach  
  79  5:04  Roach  
  79  5:05  Roach  
  79  5:06  Zergling x4  
  84  5:10  Roach  
  84  5:12  Queen  
  84  5:13  Zergling x4, Roach  
  84  5:14  Zergling x2  
  84  5:15  Zergling x2  
  84  5:16  Zergling x2  
  75  5:29  Drone x3  
  77  5:35  Extractor  
  77  5:36  Drone x2  
  77  5:37  Extractor  
  77  5:40  Drone  
  78  5:44  Drone x3  
  78  5:48  Drone x2  
  83  5:55  Drone  
  84  5:58  Drone x2  
  84  6:01  Overseer  
  84  6:03  Drone  
  81  6:05  Spore Crawler x2, Drone x2  
  81  6:08  Spore Crawler  
  78  6:13  Drone x2  
  78  6:14  Drone x2  
  80  6:19  Drone  
  80  6:20  Drone x2  
  80  6:22  Spire  
  80  6:24  Drone x2  
  82  6:26  Extractor  
  82  6:27  Extractor, Queen  
  82  6:28  Drone  
  82  6:30  Drone  
  82  6:31  Queen  
  86  6:37  Drone x2  
  86  6:38  Drone x2  
  92  6:40  Drone x2  
  94  6:49  Drone  
  94  6:54  Drone x2  
  97  6:57  Drone  
  97  7:00  Hatchery, Evolution Chamber  
  97  7:01  Evolution Chamber  
  87  7:03  Drone  
  87  7:06  Glial Reconstitution  
  82  7:12  Roach x5  
  82  7:13  Zergling x8  
  94  7:18  Overlord  
  94  7:29  Overlord  
  94  7:35  Mutalisk  
  96  7:37  Mutalisk x4, Overlord  
  96  7:40  Overlord  
  96  7:43  Overlord  
  96  7:44  Mutalisk  
  104  7:45  Zerg Missile Weapons Level 1  
  104  7:46  Zerg Melee Weapons Level 1  
  104  7:47  Overlord  
  104  7:48  Mutalisk, Overlord  
  104  7:50  Drone x4  
  111  8:04  Drone  
  111  8:05  Drone x3  
  113  8:08  Drone x2  
  115  8:15  Spore Crawler, Drone  
  115  8:17  Unknown  
  115  8:18  Hatchery, Drone x2  
  115  8:19  Drone  
  116  8:21  Infestation Pit  
  115  8:28  Drone  
  115  8:29  Drone x3  
  115  8:30  Drone x3  
  115  8:31  Drone  
  123  8:40  Drone x2  
  125  8:42  Roach x4  
  125  8:43  Baneling Nest  
  132  8:51  Evolution Chamber  
  132  8:54  Roach x4  
  132  8:55  Overlord  
  139  8:59  Hive  
  139  9:06  Zergling x28  
  153  9:14  Drone x2  
  155  9:24  Zerg Ground Armor Level 1  
  155  9:28  Ravager x3  
  155  9:30  Centrifical Hooks  
  158  9:33  Ravager x3  
  158  9:34  Baneling  
  158  9:35  Baneling x10  
  158  9:36  Zergling x26  
  173  9:42  Overlord  
  173  9:44  Overseer  
  171  9:49  Zergling x14  
  166  9:59  Ravager  
  159  10:00  Roach x2, Ravager x2, Zergling x2  
  159  10:01  Zergling x6, Roach x5  
  181  10:07  Roach x3  
  177  10:15  Zergling x4, Roach x3  
  177  10:19  Roach  
  175  10:22  Roach  
  175  10:25  Zergling x4, Roach x2  
  175  10:26  Zergling x4  
  175  10:30  Roach x3  
  175  10:31  Zergling x2  
  175  10:32  Zergling x2  
  171  10:43  Zergling x10  
  171  10:47  Zerg Melee Weapons Level 2, Zerg Missile Weapons Level 2  
  171  10:48  Drone x3  
  179  10:50  Spore Crawler  
  179  10:52  Adrenal Glands, Zerg Flyer Weapons Level 1  
  179  10:56  Hatchery  
  179  10:57  Hatchery  
  174  11:06  Zergling x6  
  174  11:07  Zergling x4  
  174  11:09  Zergling x2  
  174  11:10  Zergling x4  
  164  11:14  Zergling x2  
  159  11:19  Drone x5  
  159  11:28  Viper x2  
  159  11:29  Zerg Ground Armor Level 2  
  165  11:35  Spine Crawler, Drone  
  165  11:36  Spine Crawler  
  164  11:40  Ravager  
  164  11:42  Pneumatized Carapace  
  164  11:45  Neural Parasite  
  165  11:48  Burrow  
  165  11:52  Ultralisk Cavern  
  165  11:53  Baneling x8  
  164  11:55  Zergling x18  
  169  12:05  Drone  
  166  12:16  Extractor x2  
  166  12:22  Zergling x44  
  186  12:23  Overlord x2  
  186  12:26  Overlord  
  186  12:27  Hatchery, Overlord  
  186  12:29  Overlord  
  185  12:30  Drone  
  186  12:39  Spine Crawler x2, Baneling x9  
  183  12:54  Chitinous Plating  
  183  12:55  Infestor x3  
  183  12:57  Infestor  
  190  13:11  Baneling x7  
  173  13:18  Ultralisk  
  173  13:19  Zergling x8, Ultralisk x3  
  172  13:58  Zergling x12, Ultralisk x4  
  199  14:04  Drone  
  199  14:09  Zerg Missile Weapons Level 3, Zerg Melee Weapons Level 3  
  199  14:10  Zerg Ground Armor Level 3  
  199  14:15  Ravager  
  200  14:23  Spine Crawler  
  199  14:32  Zergling x2  
  200  14:46  Zerg Flyer Weapons Level 2  
  198  15:10  Zergling x2  
  159  15:37  Zergling x24, Ultralisk x3  
  159  15:39  Drone x2  
  159  15:40  Drone  
  159  15:42  Corruptor x2  
  188  15:43  Corruptor x7  
  191  15:52  Corruptor x5  
  191  15:55  Drone  
  199  15:57  Spore Crawler x2, Spine Crawler  
  196  16:07  Drone x2  
  196  16:08  Drone x3  
  200  16:16  Baneling x6  
  196  16:40  Drone  
  196  16:45  Drone x6  
  199  16:50  Drone  
  199  17:01  Anabolic Synthesis  
  199  17:20  Hatchery  
  140  17:43  Ultralisk x3  
  140  17:44  Zergling x48, Ultralisk  
  148  17:48  Greater Spire  
  167  17:55  Overseer, Baneling x6  
  167  18:00  Zergling x18, Ultralisk x4  
  167  18:03  Extractor, Baneling x10  
  167  18:04  Baneling x4  
  199  18:06  Extractor  
  198  18:13  Zergling x4  
  198  18:15  Spine Crawler  
  198  18:16  Spine Crawler  
  198  18:29  Overseer  
  186  18:51  Zergling x32  
  159  19:05  Corruptor x10  
  168  19:13  Ultralisk x2  
  168  19:14  Zergling x26, Ultralisk  
  199  19:26  Baneling  
  199  19:27  Baneling x12  
  199  19:28  Zerg Flyer Weapons Level 3  
  196  19:43  Zergling x8  
  196  19:44  Zergling x18  
  169  19:55  Unknown  
  159  20:00  Ultralisk x2  
  159  20:01  Zergling x18, Ultralisk  
  159  20:04  Baneling x3  
  186  20:18  Baneling x11  
  186  20:21  Zergling x24  
  186  20:27  Zergling x4  
  171  20:31  Ultralisk  
  156  20:36  Drone x3  
  138  21:05  Drone  
  138  21:11  Brood Lord  
  138  21:12  Brood Lord x3  
  138  21:14  Brood Lord  
  138  21:18  Drone x3  
  151  21:20  Spine Crawler  
  150  21:26  Brood Lord  
  150  21:30  Zergling x24  
  156  21:35  Brood Lord  
  156  21:39  Hatchery  
  157  21:46  Drone  
  153  21:47  Brood Lord  
  153  21:49  Zergling x6  
  158  21:55  Brood Lord  
  159  22:03  Spine Crawler  
  159  22:04  Zergling x20  
  168  22:09  Brood Lord  
  168  22:14  Brood Lord  
  172  22:17  Baneling x2  
  163  22:39  Baneling x12  
  155  22:45  Drone x10  
  155  22:50  Overseer  
  155  22:51  Overseer  
  159  23:02  Queen x2  
  159  23:11  Zergling x40  
  157  23:25  Zergling x2  
  146  23:27  Zergling x34  
  149  23:58  Infestor x4  
  149  24:00  Zergling x16  
  149  24:01  Zergling x18  
  162  24:09  Roach x2  
  170  24:10  Zergling x2, Roach x5  
  174  24:18  Baneling x2  
  174  24:19  Baneling x5  
  174  24:28  Baneling x2  
  169  24:33  Zergling x34  
  168  24:44  Roach  
  168  24:45  Roach x9  
  172  24:55  Drone  
  167  25:00  Zergling x22, Roach x4  
  175  25:13  Zergling x30  
  184  25:26  Ravager x4  
Tags
 
Add a new tag
Caveats
  • Supply blocks, unpowered buildings, or Contaminate may cause inaccurate times.
  • Supply counts are checked every 10 seconds.